 Dungeon Crawl Stone Soup version 0.31-a0-187-gba352fbbf7 (webtiles) character file.

Game seed: 8447905184677284543

797 qw the Skirmisher (level 7, -1/40 HPs)
             Began as a Deep Elf Hunter on June 22, 2023.
             Killed from afar by a white imp (9 damage)
             ... with a puff of frost
             ... on level 4 of the Dungeon.
             The game lasted 00:00:53 (2751 turns).

qw the Skirmisher (Deep Elf Hunter)                 Turns: 2751, Time: 00:00:54

Health: -1/40      AC:  6    Str: 10    XL:     7   Next: 58%
Magic:  9/9        EV: 11    Int: 14    God:
Gold:   130        SH:  0    Dex: 18    Spells: 6/6 levels left

rFire   . . .        Y - +1 triple crossbow (flame)
rCold   . . .        (shield currently unavailable)
rNeg    . . .        l - +0 ring mail
rPois   .            b - +0 helmet
rElec   .            (no cloak)
rCorr   .            (no gloves)
SInv    .            (no boots)
Will    .....        a - amulet of regeneration
Stlth   +            (no ring)
HPRegen 1.06/turn    (no ring)
MPRegen 0.11/turn

%: no passive effects
@: no status effects
A: no striking features
a: no special abilities


You were on level 4 of the Dungeon.
You visited 1 branch of the dungeon, and saw 5 of its levels.

You collected 130 gold pieces.


   Skills:
 - Level 2.5 Fighting
 + Level 11.3 Ranged Weapons
 - Level 1.1 Armour
 - Level 3.3 Dodging
 - Level 1.2 Stealth


You had 6 spell levels left.
You didn't know any spells.
Your spell library was empty.

Inventory:

Hand Weapons
 Y - a +1 triple crossbow of flaming (weapon)
Armour
 b - a +0 helmet (worn)
 g - a +2 robe of fire resistance
 l - a +0 ring mail (worn)
Jewellery
 a - an amulet of regeneration (around neck)
Scrolls
 n - a scroll of identify
Potions
 c - a potion of attraction {unknown}
 e - a potion of cancellation {unknown}
 f - a potion of curing
 h - a potion of heal wounds {unknown}
 i - a potion of degeneration {unknown}
 j - a potion of invisibility {unknown}
 k - a potion of might
 m - a potion of berserk rage {unknown}
 o - a potion of mutation {unknown}

Dungeon Overview and Level Annotations

Branches:
Dungeon (5/15)
 Temple: D:4-7

Altars:
Ashenzari
Sif Muna
Yredelemnul
Zin

Shops:
D:2 (


Message History

The ice beast barely misses you. The ice beast hits you.
The ice beast freezes you!
You shoot a bolt. The bolt hits the ice beast!!
The bolt melts the ice beast!
You kill the ice beast!
Your Ranged Weapons skill increases to level 11!
You start resting.
HP restored.
Partly explored, can't reach some items.
(D) Dungeon
Where to? (* - list waypoints, Enter - D:5, ? - help)
What level of the Dungeon? (default 1, ? - help)
You climb downwards.
The orc shouts!
The black bear growls angrily.
The ufetubus barely misses you. x2; The ufetubus completely misses you.
The ufetubus hits you but does no damage. x3
There is a stone staircase leading up here.
You shoot a bolt. The bolt hits the ufetubus!
The bolt burns the ufetubus.
You kill the ufetubus!
The orc priest mumbles some strange prayers to Beogh against you.
Beogh smites you!
The white imp hits you but does no damage.
2749 ||| STAIRDANCE The black bear bites you but does no damage.
The black bear claws you but does no damage. x2
The white imp gestures at you. The puff of frost hits you.
The orc priest invokes the aid of Beogh against you.
Beogh smites you!
You climb upwards.
There is a stone staircase leading down here.
You shoot a bolt. The bolt hits the orc priest!
The bolt burns the orc priest!
You kill the orc priest!
The black bear closely misses you. The black bear misses you.
The black bear claws you. The white imp gestures at you.
The puff of frost hits you. The black bear misses you.
The black bear claws you.
The black bear claws you but does no damage.
The white imp gestures at you. The puff of frost hits you!
You die...

#...# #.##.#.# #...#####>.....##
#......###......# ##### ###
##.....# #.#.##.#####...###..
###<..###.#.##.##.....#.).#.
#......##.#.....#)..###...##
######.##.#.##.####..#..#...#.#..
...##...#.#.##.####...###...#.#..
##..........##.5@)......#...#.#..
##..#...###....h######[..###...##
....##.####.###.# #...#.)...#.#..
##.###......# #.# #...###...#.#..
.#.# #.###### #.# ##.#...#..#.#..
...###.### #.# #.#...###...##
..##.....# #.####.#...#.......
..##.....# #..##...###...###..
.###.....# ##.....#.....#...#.


You could see a black bear and a white imp.

Vanquished Creatures
  Menkaure (D:4)
  An ice beast (D:4)
  An ogre (D:4)
  Blork the orc (D:4)
  A scorpion (D:4)
  2 hounds (D:4)
  2 orc priests
  Terence (D:2)
  An iguana (D:4)
  Natasha (thrice) (D:2)
  3 orc wizards
  3 gnolls (D:3)
  An ufetubus (D:5)
  2 worms (D:3)
  4 orcs
  6 ball pythons
  6 bats
  7 endoplasms
  2 giant cockroaches
  3 goblins
  7 hobgoblins
  3 kobolds
  A quokka (D:2)
  3 frilled lizards (D:3)
  4 rats
69 creatures vanquished.

Notes
Turn   | Place    | Note
-------+----------+-------------------------------------------
     0 | D:1      | qw the Deep Elf Hunter began the quest for the Orb.
     0 | D:1      | Reached XP level 1. HP: 12/12 MP: 3/3
     0 | D:1      | 0 ||| qw: Version: 0.3-a-9-g12657ce
     0 | D:1      | 0 ||| qw: Game counter: 2244
     0 | D:1      | 0 ||| qw: Always use a shield: true
     0 | D:1      | 0 ||| qw: God list: Okawaru
     0 | D:1      | 0 ||| qw: Allow faded altars: false
     0 | D:1      | 0 ||| qw: Do Orc after D:15 true
     0 | D:1      | 0 ||| qw: Do second Lair branch before Depths: true
     0 | D:1      | 0 ||| qw: Lair rune preference: random
     0 | D:1      | 0 ||| qw: Plans: Normal
     0 | D:1      | 0 ||| PLANNING D:1-11
    40 | D:1      | 40 ||| SWAPPING to +0 arbalest.
    41 | D:1      | 41 ||| DROPPING +0 shortbow.
   152 | D:1      | Reached XP level 2. HP: 16/16 MP: 4/4
   165 | D:1      | Reached skill level 6 in Ranged Weapons
   446 | D:1      | 446 ||| READING 2 scrolls labelled TEOSOSYOSA.
   450 | D:1      | 450 ||| DROPPING scroll of butterflies.
   514 | D:2      | Noticed Terence
   516 | D:2      | Killed Terence
   517 | D:2      | Reached skill level 7 in Ranged Weapons
   517 | D:2      | Reached XP level 3. HP: 20/20 MP: 5/5
   557 | D:2      | Noticed Natasha
   559 | D:2      | 559 ||| Stepping ~*~*~tactically~*~*~ (outnumbered).
   562 | D:2      | Killed Natasha
   563 | D:2      | Reached XP level 4. HP: 25/25 MP: 6/6
   584 | D:2      | Found Yxed's Antique Weapon Shop.
   593 | D:2      | 593 ||| SHOPLISTING runed orcbow (182 gold, have 28).
   772 | D:2      | Noticed Natasha
   773 | D:2      | Killed Natasha
   970 | D:2      | Noticed Natasha
   971 | D:2      | Killed Natasha
   972 | D:2      | Reached skill level 8 in Ranged Weapons
  1026 | D:2      | 1026 ||| UPGRADING to +0 helmet.
  1031 | D:2      | 1031 ||| UPGRADING to amulet of regeneration.
  1036 | D:2      | 1036 ||| READING scroll labelled EFICVI DYQA.
  1036 | D:2      | Identified a scroll of acquirement
  1036 | D:2      | 1036 ||| ACQUIRING +1 triple crossbow of flaming
  1036 | D:2      | Acquired a +1 triple crossbow of flaming
  1038 | D:2      | 1038 ||| SWAPPING to +1 triple crossbow of flaming.
  1039 | D:2      | 1039 ||| DROPPING +0 arbalest.
  1040 | D:2      | 1040 ||| READING scroll labelled MONUPOADIT.
  1072 | D:3      | Found a faded altar of an unknown god.
  1476 | D:3      | Reached XP level 5. HP: 29/29 MP: 7/7
  1494 | D:3      | Found a broken altar of Ashenzari.
  1718 | D:3      | Reached skill level 9 in Ranged Weapons
  1783 | D:3      | 1783 ||| UPGRADING to +0 ring mail.
  1793 | D:3      | 1793 ||| DROPPING +0 leather armour.
  1794 | D:3      | 1794 ||| READING scroll labelled ESUKEWAFISCH.
  1795 | D:3      | 1795 ||| READING scroll labelled FACIULENAM.
  1796 | D:3      | 1796 ||| READING 3 scrolls labelled FUUR TOEPUOTIO.
  1809 | D:3      | 1809 ||| DRINKING 2 emerald potions.
  1810 | D:3      | 1810 ||| DRINKING 2 metallic black potions.
  1811 | D:3      | 1811 ||| DROPPING 2 scrolls of torment.
  1843 | D:4      | Noticed an ogre
  1847 | D:4      | HP: 5/29 [ogre/+0 giant spiked club (15)]
  1848 | D:4      | 1848 ||| READING scroll of teleportation.
  1848 | D:4      | HP: 1/29 [ogre/+0 giant spiked club (5)]
  1850 | D:4      | Killed an ogre
  1851 | D:4      | Reached XP level 6. HP: 6/36 MP: 8/8
  1943 | D:4      | Noticed Blork the orc
  1945 | D:4      | Killed Blork the orc
  2157 | D:4      | Noticed Menkaure
  2158 | D:4      | Killed Menkaure
  2159 | D:4      | Reached skill level 10 in Ranged Weapons
  2159 | D:4      | Reached XP level 7. HP: 40/40 MP: 9/9
  2376 | D:4      | Found a basalt altar of Yredelemnul.
  2426 | D:4      | Reached skill level 3 in Dodging
  2454 | D:4      | Found a shimmering blue altar of Sif Muna.
  2465 | D:4      | Reached skill level 1 in Armour
  2541 | D:4      | Found a glowing silver altar of Zin.
  2564 | D:4      | 2564 ||| DROPPING +1 robe of fire resistance.
  2572 | D:5      | Entered Level 5 of the Dungeon
  2573 | D:5      | 2573 ||| STAIRDANCE
  2681 | D:5      | 2681 ||| STAIRDANCE
  2710 | D:5      | 2710 ||| STAIRDANCE
  2712 | D:4      | HP: 5/40 [ice beast (11)]
  2714 | D:4      | Reached skill level 11 in Ranged Weapons
  2749 | D:5      | 2749 ||| STAIRDANCE
  2751 | D:4      | HP: 10/40 [white imp/puff of frost (5)]
  2751 | D:4      | Killed from afar by a white imp

Levels and vault maps discovered:
D:1:      saegor_arrival_simple_b, layout_rooms, minmay_misc_feat_five
D:2:      layout_rooms, serial_shops, shop, chequers_serial_rivers_small_b,
          minmay_misc_feat_secret_circle, dk_noncrumbling_4,
          minmay_tetromino_s2, uniq_terence, uniq_natasha
D:3:      layout_loops_corners, mainiacjoe_overflow_chevrons,
          shapermc_ecumenical_altar_totnotflames, kennysheep_doodads
D:4:      layout_loops_cross, led_sif_book, mainiacjoe_overflow_swirl,
          nicolae_titane, uniq_menkaure, uniq_blork_the_orc
D:5:      layout_rooms, temple_fountains, serial_shops,
          nicolae_shop_back_alley_shop, guppyfry_early_orc_mine

Skill      XL: |  1  2  3  4  5  6  7 |
---------------+----------------------+-----
Ranged Weapons | 7 8 9 10 11 | 11.3
Fighting       | 2 |  2.5
Dodging        | 3 |  3.3
Armour         | 1 |  1.1
Stealth        | |  1.2

Action                     |  1- 3 |  4- 6 |  7- 9 || total
---------------------------+-------+-------+-------++-------
   Fire: Arbalest          |    44 |     9 |       ||    53
         Triple crossbow   |       |    62 |    18 ||    80
    Use: Scroll            |     1 |     6 |       ||     7
         Potion            |       |     2 |       ||     2
 Armour: Leather armour    |     6 |     4 |       ||    10
         Ring mail         |       |     3 |    15 ||    18
  Dodge: Dodged            |     9 |    21 |    13 ||    43

Table legend:
 A = Non-vault XP
 B = Vault XP
 C = Vault XP percentage of total XP
 D = Non-vault monster count
 E = Vault monster count
 F = Vault count percentage of total count
                 A         B        C        D         E       F
            +---------+---------+-------+---------+---------+-------
      Total |     737 |     446 |  37.7 |      60 |       9 |  13.0
            +---------+---------+-------+---------+---------+-------
        D:1 |      21 |       0 |   0.0 |      12 |       0 |   0.0
        D:2 |      91 |      72 |  44.2 |      14 |       3 |  17.6
        D:3 |     149 |       0 |   0.0 |      21 |       0 |   0.0
        D:4 |     468 |     371 |  44.2 |      12 |       5 |  29.4
        D:5 |       8 |       3 |  27.3 |       1 |       1 |  50.0
            +---------+---------+-------+---------+---------+-------
